 Dungeon Crawl Stone Soup version 0.25.0-1-g7eea58d (webtiles) character file.

Game seed: 13165504954744921978

9 taqueso the Grave Robber (level 2, -10/15 HPs)
             Began as a Kobold Necromancer on June 27, 2020.
             Mangled by a kobold
             ... wielding a +0 dagger of electrocution
              (16 damage)
             ... on level 1 of the Dungeon.
             The game lasted 00:01:28 (318 turns).

taqueso the Grave Robber (Kobold Necromancer)        Turns: 318, Time: 00:01:29

Health: -10/15     AC:  2    Str:  5    XL:     2   Next: 25%
Magic:  0/5        EV: 15    Int: 16    God:
Gold:   0          SH:  0    Dex: 15    Spells: 4/5 levels left

rFire    . . .     SeeInvis .   a - +0 dagger
rCold    . . .     Gourm    .   (shield restricted)
rNeg     . . .     Faith    .   d - +0 robe
rPois    .         Spirit   .   (no helmet)
rElec    .         Reflect  .   (no cloak)
rCorr    .         Harm     .   (no gloves)
MR       .....                  (no boots)
Stlth    ++........             (no amulet)
HPRegen  0.05/turn              (no ring)
MPRegen  0.09/turn              (no ring)

@: no status effects
A: small, carnivore
a: no special abilities


You were on level 1 of the Dungeon.
You were full.

You visited 1 branch of the dungeon, and saw 1 of its levels.

Inventory:

Hand Weapons
 a - a +0 dagger (weapon)
Missiles
 e - 20 bolts
Armour
 d - a +0 robe (worn)
Scrolls
 f - a scroll of teleportation {unknown}
Potions
 g - a potion of degeneration {unknown}
Comestibles
 c - a ration


   Skills:
 * Level 2.1 Short Blades
 - Level 2.4 Dodging
 + Level 2.9 Stealth
 - Level 2.1 Spellcasting
 - Level 4.0 Necromancy


You had 4 spell levels left.
You knew the following spells:

 Your Spells              Type           Power        Failure   Level  Hunger
a - Pain                  Necr           ##..         4%          1    #......

Your spell library contained the following spells:

 Spells                   Type           Power        Failure   Level  Hunger
 Animate Skeleton         Necr           N/A          4%          1    #......
 Vampiric Draining        Necr           ##........   12%         3    ###....
 Animate Dead             Necr           N/A          36%         4    #####..
 Agony                    Necr           ##......     73%         5    ######.


Dungeon Overview and Level Annotations

Branches:
Dungeon (1/15)

Altars:


Innate Abilities, Weirdness & Mutations

You are small and have problems with some larger weapons.
You are carnivorous and can eat meat at any time.


Message History

Aiming: Pain (safe; 4% risk of failure)
Press: ? - help, Shift-Dir - straight line, f/p - kobold
Aim: a kobold, wielding a +0 dagger of electrocution (moderately wounded, chance to defeat MR: 85%)
The hobgoblin writhes in agony.
You kill the hobgoblin!
Casting: Pain (safe; 4% risk of failure)
Confirm with . or Enter, or press ? or * to list all spells.
Aiming: Pain (safe; 4% risk of failure)
Press: ? - help, Shift-Dir - straight line, f/p - kobold
Aim: a kobold, wielding a +0 dagger of electrocution (moderately wounded, chance to defeat MR: 85%)
The kobold barely resists.
You hit the kobold but do no damage.
The kobold is moderately wounded.
The kobold hits you with a +0 dagger of electrocution.
You closely miss the kobold.
The kobold is moderately wounded.
The kobold hits you with a +0 dagger of electrocution.
You are electrocuted!
Ouch! That really hurt!
You die...

. .. g.. .## #.#. #...K. ..
####.#.##.##.##.#
.............).#
....)......#?.###.. #######
..####.##...?.....
#.....####.......รท.........
#...#.#...##.####.......####.
#.. #.###..##.@K>.###..## .
#.# ##..#####.# #.## ##.##
##..####.###.# ##...##
##..##......# ##...).##
##..##.##..# ##.......##
##.##.##..# ##.........##
#..#..#..####.#
##...........####.##........#
#......#......###..###..####.


You could see a kobold.

Vanquished Creatures
  A dart slug (D:1)
  2 bats (D:1)
  A giant cockroach (D:1)
  2 hobgoblins (D:1)
  A rat (D:1)
7 creatures vanquished.

Notes
Turn   | Place    | Note
-------+----------+-------------------------------------------
     0 | D:1      | taqueso the Kobold Necromancer began the quest for the Orb.
     0 | D:1      | Reached XP level 1. HP: 10/10 MP: 3/3
    35 | D:1      | Reached skill level 1 in Short Blades
   228 | D:1      | Reached XP level 2. HP: 14/15 MP: 1/5
   318 | D:1      | Mangled by a kobold

Illustrated notes

Levels and vault maps discovered:
D:1:      dpeg_arrival_central, layout_loops_ring

Skill      XL: |  1  2 |
---------------+-------+-----
Short Blades   | 1 2 |  2.1
Dodging        | |  2.4
Stealth        | |  2.9
Spellcasting   | |  2.1
Necromancy     | |  4.0

Action                   || total
-------------------------++-------
Melee: Dagger            ||     9
 Cast: Pain              ||    12
 Stab: Sleeping          ||     1
  Eat: Chunk             ||     3
Armor: Robe              ||     1
Dodge: Dodged            ||     4
